AoeStats
← [Massa] Edo

African Clearing

510628798Analyzed
2v2 RM · 15h ago on Oct 1, 2026· 16m 48s· 4 players
Game mode
Random Map
Map size
Medium (4 player)
Population
200
Speed
Normal
Resources
Standard
Victory
Conquest
Starting age
Dark Age
Ending age
Imperial Age
RankedLock teamsTeams togetherTeam positionsShared explorationLock speedFull tech treeHidden civsTurbo modeCheats
Victory
Defeat
🇧🇷 Hindustanis · Brazil
1388
+16
🇧🇷 Mongols · Brazil
1384
+16
🇬🇧 Wu · United Kingdom
1411
-17
🇬🇧 Varangians · United Kingdom
1365
-15
[Massa] Edo
9:24 Loom
11:19 Feudal Age
12:08 Double-Bit Axe
13:58 Forging
17:00 Horse Collar
tg
9:12 Loom
12:16 Feudal Age
13:24 Double-Bit Axe
Assistant Berry Masseuse
10:41 Loom
12:27 Feudal Age
13:36 Double-Bit Axe
BerryTasteTester
12:17 Feudal Age
10:36 Loom
12:49 Double-Bit Axe
18:20 Castle Age
Connection lost

Rejoining the realm…

Still unreachable

The connection could not be restored.

Session expired

The server has moved on; the page needs a fresh start.